 Dungeon Crawl Stone Soup version 0.28.0-53-g5a82cb258f (webtiles) character file.

Game seed: 7136488544524262423

1669 RedNights the Covert (level 9, 0/78 HPs)
             Began as a Ghoul Delver on July 6, 2022.
             Was an Initiate of Yredelemnul.
             Slain by a wight
             ... wielding a +2 mace
              (8 damage)
             ... on level 5 of the Dungeon on July 7, 2022.
             The game lasted 00:31:44 (7268 turns).

RedNights the Covert (Ghoul Delver)                 Turns: 7268, Time: 00:31:45

Health: 0/78       AC:  3    Str: 16    XL:     9   Next: 1%
Magic:  17/17      EV: 12    Int:  9    God:    Yredelemnul [......]
Gold:   325        SH:  0    Dex: 10    Spells: 8/8 levels left

rFire   . . .      SeeInvis .     - Unarmed
rCold   + . .      Faith    .   (no shield)
rNeg    + + +      Spirit   .   a - +0 leather armour
rPois   ∞          Reflect  .   (no helmet)
rElec   .          Harm     .   (no cloak)
rCorr   .          Rampage  .   (no gloves)
Will    .....                   (no boots)
Stlth   +.........              (no amulet)
HPRegen 0.00/turn               z - ring of magical power
MPRegen 0.15/turn               (no ring)

@: confused, ambrosia-drunk, inhibited regen
A: claws 1, cold resistance 1, negative energy resistance 3, inhibited
regeneration, torment resistance 2
a: Renounce Religion, Recall Undead Harvest


You were on level 5 of the Dungeon.
You worshipped Yredelemnul.
Yredelemnul was noncommittal.
You visited 2 branches of the dungeon, and saw 7 of its levels.
You also visited: Ossuary.

You collected 325 gold pieces.

Inventory:

Hand Weapons
 j - a +3 spear of venom
 u - a +2 dagger of speed
 v - a +0 hunting sling
 A - a +1 dagger of venom
Missiles
 k - 63 stones
 w - 159 arrows
 B - 2 boomerangs (quivered)
Armour
 a - a +0 leather armour (worn)
Magical Staves
 x - a staff of death
Jewellery
 z - a ring of magical power (left claw)
Wands
 g - a wand of polymorph (8)
Scrolls
 b - 2 scrolls of fog
 c - a scroll of magic mapping
 d - a scroll of fear
 h - a scroll of silence {unknown}
 l - 5 scrolls of identify {unknown}
 m - a scroll of brand weapon {unknown}
 n - a scroll of blinking {unknown}
 r - 3 scrolls of teleportation {unknown}
 y - a scroll of enchant weapon {unknown}
 C - a scroll of torment {unknown}
Potions
 e - a potion of haste
 f - 2 potions of curing {unknown}
 i - a potion of invisibility {unknown}
 p - a potion of cancellation {unknown}
 q - a potion of heal wounds {unknown}
 s - a potion of berserk rage {unknown}
 t - a potion of magic {unknown}


   Skills:
 * Level 6.8 Fighting
 + Level 2.0 Throwing
 + Level 2.0 Armour
 + Level 4.1 Dodging
 + Level 8.4 Stealth
 * Level 6.8 Unarmed Combat


You had 8 spell levels left.
You didn't know any spells.
Your spell library contained the following spells:

 Spells                   Type           Power      Damage    Failure   Level
 Summon Small Mammal      Summ           0%         N/A       45%         1
 Call Canine Familiar     Summ           0%         N/A       83%         3
 Ignite Poison            Fire/Tmut/Pois 0%         N/A       83%         3
 Mephitic Cloud           Conj/Pois/Air  0%         N/A       83%         3
 Summon Guardian Golem    Hex/Summ       0%         N/A       83%         3
 Freezing Cloud           Conj/Ice/Air   0%         6-21      100%        5


Dungeon Overview and Level Annotations

Branches:
Dungeon (6/15)             Temple (1/1) D:4         Ossuary (visited)

Altars:
Ashenzari
Cheibriados
Dithmenos
Elyvilon
Gozag
Hepliaklqana
Kikubaaqudgha
Makhleb
Nemelex Xobeh
Okawaru
Qazlal
Ru
Sif Muna
Trog
Uskayaw
Vehumet
Wu Jian
Xom
Yredelemnul
Zin
The Shining One

Shops:
D:4 *

Annotations:
D:2 1 runed translucent door, 1 exclusion, Crazy Yiuf
D:6 exclusion: wight


Innate Abilities, Weirdness & Mutations

You thrive by killing the living.
You are immune to poison.
You have sharp fingernails.
Your flesh is cold resistant. (rC+)
You are immune to negative energy. (rN+++)
You do not regenerate when monsters are visible.
You are immune to unholy pain and torment.


Message History

A wight comes into view. It is wielding a +2 mace.
The wight moves out of view.
The wight hits you with a +3 dagger.
There is an escape hatch in the ceiling here.
The wight hits you with a +2 mace! The wight hits you with a +3 dagger.
A mysterious force pulls you upwards. The hatch slams shut behind you.
Your mindless puppet stays behind to rot.
You scratch the wight.
The wight is lightly damaged.
The wight hits you with a +2 mace! The wight hits you with a +3 dagger.
You closely miss the wight.
The wight is lightly damaged.
The wight closely misses you.
You scratch the wight.
The wight is heavily damaged.
The wight hits you with a +3 dagger. The wight barely misses you.
You closely miss the wight.
The wight is heavily damaged.
The wight closely misses you. The wight hits you with a +2 mace!
You closely miss the wight.
The wight is heavily damaged.
The wight hits you with a +3 dagger. The wight closely misses you.
You barely miss the wight.
The wight is heavily damaged.
The wight hits you with a +3 dagger!
You scratch the wight.
The wight is heavily damaged.
The sentinel's mark upon you fades away.
The wight hits you with a +2 mace. The wight hits you with a +3 dagger!
* * * LOW HITPOINT WARNING * * *
You closely miss the wight.
The wight is heavily damaged.
The wight hits you with a +2 mace!
* * * LOW HITPOINT WARNING * * *
The wight hits you with a +3 dagger!
* * * LOW HITPOINT WARNING * * *
You are confused.
You feel invigorated. The wight hits you with a +2 mace!
You die...
Yredelemnul claims you as an undead slave.

#............#.##....
#..#######..##.###.#.
#..# #..##.# #.#.
#..# #..##.###.#.
#..# #.........#<
#..##### #..##.#####.
#......# #.(.....# #.
#.####.###.......###.
#..z@z...............
############.....####
#.....# # #.#...# #
#.##### # #.# # #.# #
#.######## #.........


You could see 2 wights.

Vanquished Creatures
  A black bear (D:6)
  An ogre (D:5)
  2 centaurs
  2 phantoms (D:4)
  3 scorpions (D:5)
  2 water moccasin skeletons (D:4)
  A wight (D:6)
  A bullfrog zombie (D:5)
  2 hounds
  2 centaur zombies
  A bullfrog skeleton (D:5)
  An iguana (D:4)
  A hound skeleton (D:4)
  A mummy (Ossuary)
  6 adders
  2 gnolls (D:4)
  3 ufetubi
  An adder skeleton (D:5)
  A worm (D:5)
  9 orcs
  5 ball pythons
  3 endoplasms
  4 giant cockroaches
  9 goblins
  4 hobgoblins
  7 jackals
  4 quokkas
  6 bats
  2 frilled lizards
  6 gnoll skeletons (Ossuary)
  5 kobolds
  12 kobold skeletons (Ossuary)
  7 orc skeletons (Ossuary)
  5 rats
122 creatures vanquished.

Vanquished Creatures (collateral kills)
  A water moccasin (D:5)
  An iguana (D:6)
  A gnoll (D:4)
  An adder (D:5)
4 creatures vanquished.

Vanquished Creatures (others)
  A scorpion zombie (D:5)
  An adder zombie (D:5)
2 creatures vanquished.

Grand Total: 128 creatures vanquished

Notes
Turn   | Place    | Note
-------+----------+-------------------------------------------
     0 | D:5      | RedNights the Ghoul Delver began the quest for the Orb.
     0 | D:5      | Reached XP level 1. HP: 19/19 MP: 0/0
   193 | D:5      | Noticed a scorpion
   216 | D:5      | Killed a scorpion
   217 | D:5      | Reached skill level 6 in Stealth
   217 | D:5      | Reached XP level 2. HP: 12/27 MP: 1/1
   217 | D:5      | Reached XP level 3. HP: 14/33 MP: 2/2
   217 | D:5      | Reached XP level 4. HP: 17/40 MP: 3/3
   457 | D:5      | Noticed a phantom
   969 | D:5      | Reached XP level 5. HP: 27/46 MP: 4/4
  1529 | D:3      | Reached XP level 6. HP: 51/52 MP: 5/5
  1692 | D:4      | Found a sand-covered staircase.
  1697 | Ossuary  | Entered an ossuary
  1697 | Ossuary  | Noticed a wraith
  1697 | Ossuary  | Noticed a wraith
  1697 | Ossuary  | Noticed a wraith
  1809 | Ossuary  | Reached skill level 7 in Stealth
  2140 | Ossuary  | Noticed a wraith
  3194 | D:2      | Found a runed translucent door.
  3195 | D:2      | Noticed Crazy Yiuf
  3569 | D:3      | Found a faded altar of an unknown god.
  4218 | D:4      | Reached XP level 7. HP: 41/60 MP: 6/6
  4414 | D:4      | Found Veri's Neck Hole.
  4459 | D:4      | Found a staircase to the Ecumenical Temple.
  4476 | Temple   | Entered the Ecumenical Temple
  4547 | Temple   | Became a worshipper of Yredelemnul the Dark
  4619 | D:4      | HP: 1/60 [centaur/+0 dagger of venom (3)]
  4624 | D:4      | Reached skill level 5 in Fighting
  4624 | D:4      | Reached skill level 5 in Unarmed Combat
  4992 | D:4      | Reached * piety under Yredelemnul
  5927 | D:5      | Reached skill level 1 in Throwing
  5927 | D:5      | Reached skill level 1 in Armour
  5927 | D:5      | Reached skill level 8 in Stealth
  5927 | D:5      | Reached XP level 8. HP: 7/70 MP: 7/7
  7183 | D:6      | Reached XP level 9. HP: 71/78 MP: 8/8
  7268 | D:5      | Slain by a wight

Illustrated notes

Levels and vault maps discovered:
D:1:      nicolae_arrival_memento_mori, layout_loops_ring
D:2:      layout_rooms, basic_altar, uniq_crazy_yiuf_cottage
D:3:      layout_rooms, chequers_ecumenical_altar_simple
D:4:      layout_basic, minmay_temple_entry_glass, enter_ossuary_2,
          nicolae_shop_sticking_my_neck_out
D:5:      layout_loops_ring, kennysheep_generic_room_4
D:6:      layout_basic, serial_shops, shop_statue
Temple:   kilobyte_greek_temple

Skill      XL: |  1  2  3  4  5  6  7  8 |
---------------+-------------------------+-----
Dodging        | 2 3 4 |  4.1
Stealth        | 6 7 8 |  8.4
Unarmed Combat | 3 4 6 |  6.8
Fighting       | 4 6 |  6.8
Throwing       | 1 2 |  2.0
Armour         | 1 2 |  2.0

Action                   |  1- 3 |  4- 6 |  7- 9 || total
-------------------------+-------+-------+-------++-------
Melee: Unarmed           |    12 |   247 |   155 ||   414
       Punch             |       |    11 |    10 ||    21
       Dagger            |       |       |     1 ||     1
Throw: Stone             |       |    36 |       ||    36
       Boomerang         |       |     9 |    24 ||    33
Evoke: Wand              |       |     3 |       ||     3
  Use: Potion            |       |       |     2 ||     2
 Stab: Sleeping          |       |    21 |     7 ||    28
       Distracted        |       |     2 |       ||     2
Armor: Leather armour    |     3 |    55 |    35 ||    93
Dodge: Dodged            |     6 |   105 |    90 ||   201
